 Dungeon Crawl Stone Soup version 0.30.0-29-ga12c61a403 (webtiles) character file.

Game seed: 7587916038391263541

2744 monsoonserge the Slicer (level 10, -2/58 HPs)
             Began as a Kobold Brigand on June 13, 2023.
             Was an Elder of Okawaru.
             Slain by a red ugly thing (17 damage)
             ... on level 8 of the Dungeon.
             The game lasted 00:22:46 (7898 turns).

monsoonserge the Slicer (Kobold Brigand)            Turns: 7898, Time: 00:22:47

Health: -2/58      AC: 19    Str:  8    XL:     10   Next: 0%
Magic:  0/12       EV:  7    Int: 14    God:    Okawaru [****..]
Gold:   485        SH:  6    Dex: 20    Spells: 9/9 levels left

rFire   . . .        a - +2 dagger (distort)
rCold   . . .        u - +0 buckler
rNeg    . . .        t - +5 chain mail of Quotz {+Blink}
rPois   .            m - +0 helmet
rElec   .            c - +0 cloak
rCorr   +            n - +0 pair of gloves
SInv    .            s - +0 pair of boots
Will    .....        I - amulet of guardian spirit
Stlth   ++           E - ring of flight
HPRegen 0.29/turn    N - ring of resist corrosion
MPRegen 0.13/turn

%: guardian spirit
@: flying
A: small, no large weapons, nightstalker 3
a: Renounce Religion, Evoke Blink, Heroism, Finesse


You were on level 8 of the Dungeon.
You worshipped Okawaru.
Okawaru was greatly pleased with you.
You visited 2 branches of the dungeon, and saw 9 of its levels.

You collected 485 gold pieces.

Inventory:

Hand Weapons
 a - a +2 dagger of distortion (weapon)
Missiles
 d - 13 poisoned darts
 e - 3 curare-tipped darts (quivered)
Armour
 c - a +0 cloak (worn)
 m - a +0 helmet (worn)
 n - a +0 pair of gloves (worn)
 s - a +0 pair of boots (worn)
 t - the +5 chain mail of Quotz (worn) {+Blink}
   (You found it on level 6 of the Dungeon)

   +Blink:    It lets you blink.
 u - a +0 buckler (worn)
Jewellery
 f - a ring of ice
 v - a ring of fire
 B - an amulet of the acrobat
 E - a ring of flight (left hand)
 I - an amulet of guardian spirit (around neck)
 N - a ring of resist corrosion (right hand)
Wands
 y - a wand of paralysis (10)
 D - a wand of flame (5)
Scrolls
 b - a scroll of teleportation {unknown}
 g - 8 scrolls of identify {unknown}
 h - 2 scrolls of acquirement {unknown}
 j - 2 scrolls of fog {unknown}
 k - a scroll of poison {unknown}
 l - a scroll of enchant armour {unknown}
 w - 2 scrolls of amnesia {unknown}
 A - 2 scrolls of blinking {unknown}
 F - a scroll of vulnerability {unknown}
 G - 2 scrolls of torment {unknown}
 L - 2 scrolls of brand weapon {unknown}
 O - a scroll of noise {unknown}
Potions
 i - 4 potions of curing
 o - 2 potions of mutation {unknown}
 p - 2 potions of ambrosia {unknown}
 q - 2 potions of haste {unknown}
 r - 2 potions of heal wounds {unknown}
 x - 2 potions of attraction {unknown}
 z - a potion of lignification {unknown}
 C - a potion of berserk rage {unknown}
 H - a potion of resistance {unknown}
 J - 2 potions of degeneration {unknown}
 K - a potion of cancellation {unknown}
 M - a potion of brilliance {unknown}


   Skills:
 + Level 4.5 Fighting
 + Level 8.5 Short Blades
 + Level 2.7 Throwing
 + Level 4.7 Armour
 + Level 5.2 Dodging
 + Level 7.5 Stealth
 * Level 4.4 Shields
 * Level 3.3 Invocations
 * Level 2.0 Evocations


You had 9 spell levels left.
You didn't know any spells.
Your spell library contained the following spells:

 Spells                   Type           Power      Damage    Failure   Level
 Magic Dart               Conj           0%         1d3       100%        1
 Sandblast                Erth           0%         2d4       100%        1
 Cigotuvi's Dreadful Rot  Necr/Pois/Air  0%         N/A       100%        2
 Passwall                 Tmut/Erth      0%         N/A       100%        2
 Searing Ray              Conj           0%         2d4       100%        2
 Ignite Poison            Fire/Tmut/Pois 0%         N/A       100%        3
 Stone Arrow              Conj/Erth      0%         3d7       100%        3
 Fulminant Prism          Conj/Hex       0%         3d5       100%        4
 Olgreb's Toxic Radiance  Pois           0%         N/A       100%        4
 Freezing Cloud           Conj/Ice/Air   0%         6-21      100%        5
 Discord                  Hex            0%         N/A       100%        8
 Ignition                 Fire           0%         3d3       100%        8
 Lehudib's Crystal Spear  Conj/Erth      0%         10d2      100%        8
 Animate Armour           Summ/Erth      Unusable   N/A       N/A         4

Dungeon Overview and Level Annotations

Branches:
Dungeon (8/15)             Temple (1/1) D:4
   Lair: D:8-11

Altars:
Ashenzari
Cheibriados
Dithmenos
Elyvilon
Fedhas
Gozag
Hepliaklqana
Makhleb
Nemelex Xobeh
Okawaru
Qazlal
Ru
Trog
Uskayaw
Vehumet
Wu Jian
Xom
Yredelemnul
Zin
The Shining One

Annotations:
D:7 2 transporters, Drain's ghost, novice HuCj
D:8 2 transporters, olmar's ghost, novice GnTm


Innate Abilities, Weirdness & Mutations

You are small and have problems with some larger weapons.
You are completely attuned to the shadows.


Message History

The red ugly thing stings you but does no damage.
You barely miss the red ugly thing.
The red ugly thing is lightly wounded.
The red ugly thing stings you but does no damage.
You closely miss the red ugly thing.
The red ugly thing is lightly wounded.
You hit the red ugly thing.
Space warps around the red ugly thing.
The red ugly thing is lightly wounded.
You block the red ugly thing's attack.
You hit the red ugly thing but do no damage.
Space warps around the red ugly thing.
The red ugly thing is moderately wounded.
You hit the red ugly thing.
The red ugly thing is moderately wounded.
The red ugly thing blinks!
The red ugly thing stings you but does no damage.
You hit the red ugly thing.
Space warps around the red ugly thing.
The red ugly thing is heavily wounded.
The red ugly thing stings you.
You are engulfed in flames!
You hit the red ugly thing but do no damage.
Space warps around the red ugly thing.
The red ugly thing is heavily wounded.
You closely miss the red ugly thing.
The red ugly thing is heavily wounded.
The red ugly thing stings you!
You are engulfed in flames!!
* * * LOW HITPOINT WARNING * * *
Unknown command.
Okay, then.
It was a potion of curing.
You feel better. You block the red ugly thing's attack.
You hit the red ugly thing but do no damage.
Space warps around the red ugly thing!
The red ugly thing is heavily wounded.
You hit the red ugly thing but do no damage.
Space warps horribly around the red ugly thing!
The red ugly thing is severely wounded.
The red ugly thing stings you!
* * * LOW HITPOINT WARNING * * *
You are engulfed in flames!!
You die...

## ..# ###.#
##.#.# ##.#..# #
#.###.#
#.####.#..#
#..u#.###.#
##$#@#.#..#
########.######
#......# ######.#
####### #.#
###.....###.# #
###....©....#.#
.#.
##....#####....##
#..
#...###.©O###...#


You could see a red ugly thing.

Vanquished Creatures
  2 rust devils
  Edmund (D:6)
  2 water moccasins
  An ice beast (D:7)
  3 orc warriors
  A sky beast (D:6)
  A centaur (D:7)
  2 phantoms (D:7)
  A bullfrog (D:6)
  2 scorpions
  3 wights (D:6)
  2 howler monkeys
  4 hounds
  2 jellies
  A sleepcap (D:7)
  6 iguanas
  5 orc wizards
  3 gnolls
  4 adders
  A white imp (D:6)
  An ufetubus (D:6)
  21 orcs
  7 endoplasms
  5 giant cockroaches
  6 goblins
  9 hobgoblins
  5 jackals (D:4)
  9 quokkas
  4 ball pythons
  3 bats (D:1)
  A frilled lizard (D:3)
  2 kobolds (D:3)
  4 rats
124 creatures vanquished.

Notes
Turn   | Place    | Note
-------+----------+-------------------------------------------
     0 | D:1      | monsoonserge the Kobold Brigand began the quest for the
                  | Orb.
     0 | D:1      | Reached XP level 1. HP: 12/12 MP: 1/1
    99 | D:1      | Reached skill level 3 in Short Blades
   113 | D:1      | Reached XP level 2. HP: 17/17 MP: 2/2
   457 | D:1      | Reached XP level 3. HP: 19/21 MP: 3/3
  1541 | D:3      | Reached XP level 4. HP: 27/27 MP: 4/4
  1626 | D:3      | Reached skill level 4 in Short Blades
  1939 | D:3      | Reached skill level 1 in Armour
  1939 | D:3      | Reached XP level 5. HP: 26/31 MP: 5/5
  2486 | D:4      | Reached skill level 5 in Short Blades
  2486 | D:4      | Reached XP level 6. HP: 37/37 MP: 6/6
  2662 | D:4      | Found a staircase to the Ecumenical Temple.
  2668 | Temple   | Entered the Ecumenical Temple
  2981 | Temple   | Became a worshipper of Warmaster Okawaru
  3002 | Temple   | Reached skill level 1 in Shields
  3708 | D:5      | Entered Level 5 of the Dungeon
  4012 | D:5      | Reached XP level 7. HP: 12/41 MP: 7/7
  4704 | D:5      | Noticed a water moccasin
  4707 | D:5      | Killed a water moccasin
  4707 | D:5      | Reached * piety under Okawaru
  4708 | D:5      | Reached skill level 6 in Short Blades
  5531 | D:6      | Noticed a water moccasin
  5534 | D:6      | Killed a water moccasin
  5544 | D:6      | Noticed Edmund
  5548 | D:6      | Killed Edmund
  5549 | D:6      | Reached skill level 1 in Invocations
  5549 | D:6      | Reached XP level 8. HP: 46/46 MP: 7/9
  5668 | D:6      | Reached ** piety under Okawaru
  6307 | D:6      | Reached skill level 1 in Evocations
  6400 | D:7      | Reached XP level 9. HP: 51/52 MP: 11/11
  6520 | D:6      | Noticed a rust devil
  6520 | D:6      | Noticed a rust devil
  6529 | D:7      | Reached skill level 7 in Short Blades
  6567 | D:7      | Killed a rust devil
  6567 | D:7      | Reached *** piety under Okawaru
  6683 | D:6      | Killed a rust devil
  6684 | D:6      | Reached skill level 8 in Short Blades
  6688 | D:6      | Reached **** piety under Okawaru
  6767 | D:6      | Identified the +5 chain mail of Quotz {+Blink}
  7063 | D:7      | Found a transporter.
  7068 | D:7      | Found a transporter.
  7068 | D:7      | Noticed Drain's ghost (novice HuCj)
  7348 | D:7      | Reached skill level 5 in Dodging
  7348 | D:7      | Reached XP level 10. HP: 58/58 MP: 12/12
  7809 | D:8      | Found a transporter.
  7814 | D:8      | Noticed olmar's ghost (novice GnTm)
  7815 | D:8      | Noticed a moth of wrath
  7841 | D:8      | Found a transporter.
  7841 | D:8      | Noticed a two-headed ogre
  7883 | D:8      | Noticed a red ugly thing
  7884 | D:8      | Noticed a centaur warrior
  7898 | D:8      | Slain by a red ugly thing

Illustrated notes

Levels and vault maps discovered:
D:1:      nzn_arrival_settlement, layout_basic
D:2:      layout_rooms
D:3:      layout_loops_ring
D:4:      layout_loops_ring, minmay_temple_entry_drinking_statues
D:5:      layout_basic, st_stairs_1, corexii_corridor_pit
D:6:      cheibrodos_iron_armory, layout_loops_ring, uniq_edmund
D:7:      layout_cave_pods, gammafunk_ghost_arena
D:8:      layout_loops_ring, serial_shops, nicolae_lakefront_shop,
          gammafunk_ghost_wrathful_warriors, minmay_small_thing
Temple:   nicolae_temple_bog_church

Skill      XL: |  1  2  3  4  5  6  7  8  9 |
---------------+----------------------------+-----
Short Blades   | 3 4 5 6 8 |  8.5
Stealth        | 6 7 |  7.5
Dodging        | 2 3 4 5 |  5.2
Armour         | 1 2 3 4 |  4.7
Fighting       | 3 4 |  4.5
Shields        | 1 2 3 4 |  4.4
Invocations    | 1 3 |  3.3
Evocations     | 1 2 |  2.0
Throwing       | |  2.7

Action                     |  1- 3 |  4- 6 |  7- 9 | 10-12 || total
---------------------------+-------+-------+-------+-------++-------
  Melee: Dagger            |   104 |   214 |   118 |    12 ||   448
         Short sword       |       |       |    61 |       ||    61
  Throw: Dart              |       |     2 |     1 |       ||     3
  Evoke: Wand              |       |       |     5 |       ||     5
    Use: Potion            |       |       |       |     1 ||     1
   Stab: Sleeping          |    15 |     7 |    24 |       ||    46
         Paralysed         |       |       |     4 |       ||     4
         Distracted        |       |       |     2 |       ||     2
 Armour: Robe              |     9 |       |       |       ||     9
         Leather armour    |     7 |    41 |    11 |       ||    59
         Ring mail         |     1 |       |     3 |       ||     4
         Chain mail        |       |       |    10 |     4 ||    14
  Dodge: Dodged            |    70 |    93 |    52 |       ||   215
  Block: Buckler           |       |    22 |    27 |     2 ||    51
